 Dungeon Crawl Stone Soup version 0.20.1-1-g8b1a95d (webtiles) character file.

2620 tidbits the Martial Artist (level 9, -3/67 HPs)
             Began as a Demigod Transmuter on Aug 18, 2017.
             Slain by a yak (14 damage)
             ... on level 1 of the Lair of Beasts.
             The game lasted 00:53:12 (3783 turns).

tidbits the Martial Artist (Demigod Transmuter)     Turns: 3783, Time: 00:53:13

Health: -3/67      AC:  2    Str: 13    XL:     9   Next: 12%
Magic:  3/15       EV: 13    Int: 21    God:
Gold:   273        SH:  0    Dex: 18    Spells: 1/12 levels left

rFire    . . .     SeeInvis .     - Unarmed
rCold    . . .     Gourm    +   (shield currently unavailable)
rNeg     . . .     Faith    .   B - +0 robe
rPois    .         Spirit   .   (no helmet)
rElec    .         Reflect  .   (no cloak)
rCorr    .         Harm     .   (gloves currently unavailable)
MR       .....                  (no boots)
Stlth    ++........             I - amulet of the gourmand
Regen    0.3/turn               o - ring of wizardry
MPRegen  0.2/turn               (no ring)

@: about to teleport, blade hands
A: high mp 1
a: End Transformation


You were on level 1 of the Lair of Beasts.
You were very hungry.
You had blades for hands.
You visited 2 branches of the dungeon, and saw 10 of its levels.
You also visited: Sewer.

You collected 450 gold pieces.
You spent 177 gold pieces at shops.

Inventory:

Hand Weapons
 b - a +2 dagger of venom (melded)
   (You took it off a goblin on level 1 of the Dungeon)
 x - a +2 vampiric dagger
   (You took it off an orc wizard on level 4 of the Dungeon)
 D - a cursed -3 hunting sling
Missiles
 a - 13 arrows
 e - 25 stones (quivered)
 j - 7 tomahawks
 p - 21 sling bullets
Armour
 B - a +0 robe (worn)
 G - a +0 pair of gloves (melded)
Jewellery
 m - the amulet "Moymetre" {Gourm *Corrode rElec rF+}
   (You found it on level 6 of the Dungeon)

   [amulet of the gourmand]

   It allows you to eat raw meat even when not hungry.
   It protects you from fire.
   It insulates you from electricity.
   It may corrode you when you take damage.
 o - a ring of wizardry (left scythe-like blade)
   (You found it on level 3 of the Dungeon)
 I - an amulet of the gourmand (around neck)
   (You found it on level 6 of the Dungeon)
Wands
 y - a wand of iceblast (10/15)
 L - a wand of digging (12/24)
 N - a wand of acid (6/15)
Scrolls
 g - a scroll of magic mapping
 k - a scroll of immolation {unknown}
 l - 3 scrolls of enchant armour {unknown}
 r - 8 scrolls of remove curse
 t - a scroll of random uselessness {unknown}
 u - a scroll of recharging {unknown}
 v - a scroll of fog {unknown}
 A - a scroll of vulnerability {unknown}
 F - a scroll of amnesia
 J - a scroll of fear {unknown}
 K - 2 scrolls of teleportation
Potions
 h - a potion of haste {unknown}
 n - 5 potions of flight
 q - a potion of agility
 s - 3 potions of might
 z - 2 potions of heal wounds {unknown}
 C - 3 potions of curing
 H - 2 potions of mutation {unknown}
 M - a potion of brilliance {unknown}
Books
 c - a book of Changes

   Spells                             Type                      Level
   a - Beastly Appendage              Transmutation                1
   b - Sticks to Snakes               Transmutation                2
   c - Spider Form                    Transmutation/Poison         3
   d - Ice Form                       Ice/Transmutation            4
   e - Blade Hands                    Transmutation                5
 f - a book of Air
   (You found it on level 7 of the Dungeon)

   Spells                             Type                      Level
   a - Shock                          Conjuration/Air              1
   b - Swiftness                      Charms/Air                   2
   c - Static Discharge               Conjuration/Air              3
   d - Airstrike                      Air                          4
   e - Lightning Bolt                 Conjuration/Air              5
Comestibles
 d - 3 bread rations
 i - 2 royal jellies
 E - a meat ration
 P - 6 chunks of flesh


   Skills:
 + Level 2.2 Fighting
 + Level 2.7 Dodging
 + Level 9.3 Unarmed Combat
 - Level 2.0 Spellcasting
 - Level 7.0 Transmutations


You had one spell level left.
You knew the following spells:

 Your Spells              Type           Power        Failure   Level  Hunger
e - Beastly Appendage     Tmut           ####..       6%          1    #......
h - Blade Hands           Tmut           ####......   32%         5    ######.
k - Sticks to Snakes      Tmut           ####....     7%          2    ##.....
p - Spider Form           Tmut/Pois      ###.......   21%         3    ###....


Dungeon Overview and Level Annotations

Branches:
Dungeon (9/15)             Temple (0/1) D:5            Lair (1/6) D:9
    Orc: D:9-12

Shops:
D:5 *   D:6 [

Annotations:
D:3 Elmdore's ghost, amateur HOFi
D:5 Blork the orc


Innate Abilities, Weirdness & Mutations

You have an increased reservoir of magic. (+10% MP)


Message History

You drop a -2 leather armour.
Items here: ))) [[[ ††††
Found a staircase to the Lair.
Found a scroll of teleportation and 13 gold pieces.
Your ball python withers and dies!
K - 3 scrolls of teleportation (gained 1)
You now have 273 gold pieces (gained 13).
There is a staircase to the Lair here.
You climb downwards.
Welcome to the Lair of Beasts! 2 yaks come into view.
The yak bellows!
There is a staircase back to the Dungeon here.
Unknown command.
Drop what? 42/52 slots (_ for help) (? for menu, Esc to quit)
Okay, then.
As you read the scroll of identify, it crumbles to dust.
w - a potion of degeneration The yak bellows! 2 yaks come into view.
Drop what? 41/52 slots (_ for help) (? for menu, Esc to quit)
You drop a potion of degeneration.
The yak bellows!
Found a fizzy pink potion.
Casting: Sticks to Snakes
Confirm with . or Enter, or press ? or * to list all spells.
You create 2 snakes!
You now have 14 arrows.
The yak gores your ball python!
Your ball python dies!
Casting: Sticks to Snakes
Confirm with . or Enter, or press ? or * to list all spells.
You create a snake!
You now have 13 arrows.
Casting: Sticks to Snakes
Confirm with . or Enter, or press ? or * to list all spells.
Your hands turn into razor-sharp scythe blades.
Your +2 dagger of venom melds into your body.
Your +0 pair of gloves melds into your body.
Your +2 dagger of venom stops dripping with poison.
You are feeling hungry.
You slash the yak! x2
The yak is severely wounded.
The yak misses your ball python.
Your ball python bites the yak but does no damage.
You hit the yak but do no damage.
The yak is severely wounded.
Your transformation is almost over.
Your ball python barely misses the yak.
You slash the yak!
You kill the yak!
The yak gores your adder!
Your adder dies!
A komodo dragon comes into view.
The komodo dragon moves out of view.
The yak gores you.
You see here a yak corpse.
You hit the yak but do no damage. You slash the yak!
The yak is moderately wounded.
The yak gores you!
You slice the yak!!
You kill the yak!
Your Fighting skill increases to level 2!
The yak gores you! Something gores your ball python.
You see here a yak corpse.
Your hands revert to their normal proportions.
Your +2 dagger of venom unmelds from your body.
Your +0 pair of gloves unmelds from your body.
Your +2 dagger of venom begins to drip with poison!
The yak closely misses you. The yak misses your ball python.
Casting: Blade Hands
Confirm with . or Enter, or press ? or * to list all spells.
Your hands turn into razor-sharp scythe blades.
Your +2 dagger of venom melds into your body.
Your +0 pair of gloves melds into your body.
Your +2 dagger of venom stops dripping with poison.
You are feeling very hungry.
Your ball python bites the yak but does no damage.
The yak gores your ball python!
Your ball python dies!
The yak gores you!
* * * LOW HITPOINT WARNING * * *
The komodo dragon hisses angrily.
You hit the yak.
The yak is lightly wounded.
The yak completely misses you.
Found a stone staircase leading down.
A four-headed hydra comes into view.
The four-headed hydra roars!
Okay, then.
Unknown command.
You slice the yak!!
The yak is almost dead.
The yak gores you!
* * * LOW HITPOINT WARNING * * *
You hit the yak.
The yak is almost dead.
The yak completely misses you.
As you read the scroll of teleportation, it crumbles to dust.
You feel strangely unstable. The yak gores you!
* * * LOW HITPOINT WARNING * * *
The yak gores you!
You die...

#..>.................
#....................
##....................
#.....................
#....................
#......!.............
#....l...............
#...YY####.###†#....#
#...@## ### ##†.....
#P....# ##l...#
##....# #<...# #....#
#..... #...D.# #.l..#
##....# #....# .....#
#Y...# ##..... ......
......


You could see a four-headed hydra, a komodo dragon and 2 yaks.

Vanquished Creatures
  Prince Ribbit (D:6)
  A wyvern (D:9)
  2 yaks (Lair:1)
  A hungry ghost (D:8)
  Edmund (D:6)
  The ghost of Thomus the Magician, an amateur DECj (D:6)
  2 ice beasts
  A sky beast (D:7)
  A black bear (D:9)
  A phantom (D:7)
  2 ogres
  A bullfrog (D:6)
  2 scorpions
  A crimson imp (D:6)
  A centaur zombie (D:6)
  A bullfrog skeleton (D:6)
  2 orc priests
  12 orc wizards
  A merfolk siren (Sewer)
  2 worker ants
  3 hound skeletons
  A worker ant zombie (D:5)
  7 adders
  3 gnolls (D:6)
  A howler monkey skeleton (D:5)
  An ooze (D:2)
  An adder skeleton (D:6)
  An adder zombie (D:5)
  3 worms
  2 dart slugs (D:2)
  6 leopard geckos
  19 orcs
  6 giant cockroaches
  2 goblins
  3 hobgoblins (D:1)
  3 quokkas
  4 ball pythons (Sewer)
  5 bats
  10 frilled lizards
  6 kobolds
  27 rats
  2 fungi (D:3)
153 creatures vanquished.

Vanquished Creatures (collateral kills)
  An ogre (D:6)
  A bullfrog (D:6)
  An iguana (D:6)
  A worker ant (D:5)
  A merfolk avatar (Sewer)
  An adder (D:2)
  2 worms
  4 orcs
  A frilled lizard (Sewer)
  3 rats
16 creatures vanquished.

Grand Total: 169 creatures vanquished

Notes
Turn   | Place    | Note
-------+----------+-------------------------------------------
     0 | D:1      | tidbits the Demigod Transmuter began the quest for the Orb.
     0 | D:1      | Reached XP level 1. HP: 15/15 MP: 5/5
     0 | D:1      | Noticed a human
     1 | D:1      | Noticed a human
     3 | D:1      | Noticed an octopode
    10 | D:1      | Noticed a vine stalker
    12 | D:1      | Noticed a minotaur
    12 | D:1      | Noticed a draconian
    14 | D:1      | Noticed an elf
    55 | D:1      | Reached skill level 3 in Unarmed Combat
   164 | D:2      | Reached XP level 2. HP: 20/22 MP: 7/7
   168 | D:2      | Learned a level 2 spell: Sticks to Snakes
   226 | D:2      | Found a deep blue altar of Sif Muna.
   511 | D:2      | Reached XP level 3. HP: 25/27 MP: 6/8
   666 | D:2      | Reached skill level 2 in Spellcasting
   671 | D:2      | Learned a level 3 spell: Spider Form
   732 | D:2      | Reached skill level 2 in Transmutations
   853 | D:3      | Noticed Elmdore's ghost (amateur HOFi)
  1042 | D:3      | Reached skill level 4 in Unarmed Combat
  1047 | D:3      | Reached XP level 4. HP: 5/34 MP: 4/9
  1490 | D:4      | Reached skill level 5 in Unarmed Combat
  1490 | D:4      | Reached XP level 5. HP: 30/39 MP: 0/10
  1567 | D:5      | Entered Level 5 of the Dungeon
  1575 | D:5      | Found Zeq Navodomo's Assorted Antiques.
  1584 | D:5      | Bought a metallic emerald potion for 27 gold pieces
  1584 | D:5      | Bought a curved brass wand for 120 gold pieces
  1584 | D:5      | Bought a scroll labeled ZELUNU URANAS for 30 gold pieces
  1719 | D:5      | HP: 2/39 [worm (12)]
  1732 | D:5      | Found a white marble altar of Elyvilon.
  1796 | D:5      | Noticed Blork the orc
  1813 | D:5      | Found a staircase to the Ecumenical Temple.
  1923 | D:5      | Noticed an ice beast
  2029 | D:4      | Reached skill level 6 in Unarmed Combat
  2029 | D:4      | Reached XP level 6. HP: 12/46 MP: 6/12
  2214 | D:4      | Reached skill level 3 in Transmutations
  2392 | D:6      | Identified the amulet "Moymetre" {Gourm *Corrode rElec rF+} (You found it on level 6 of the Dungeon)
  2518 | D:6      | Found Ylufomaehi's Armour Shoppe.
  2560 | D:6      | Reached XP level 7. HP: 44/51 MP: 11/13
  2573 | D:6      | Noticed Edmund
  2581 | D:6      | Reached skill level 4 in Transmutations
  2584 | D:6      | Killed Edmund
  2584 | D:6      | Reached skill level 7 in Unarmed Combat
  2666 | D:6      | Noticed Thomus's ghost (amateur DECj)
  2675 | D:6      | Killed Thomus's ghost
  2675 | D:6      | Reached skill level 5 in Transmutations
  2739 | D:6      | Reached XP level 8. HP: 21/58 MP: 7/14
  2756 | D:6      | Found a glowing drain.
  2782 | Sewer    | Entered a sewer
  2816 | Sewer    | Learned a level 5 spell: Blade Hands
  3126 | D:6      | Reached skill level 8 in Unarmed Combat
  3155 | D:6      | Found a radiant altar of Vehumet.
  3155 | D:6      | Found an ancient bone altar of Kikubaaqudgha.
  3156 | D:6      | Noticed Prince Ribbit
  3162 | D:6      | Killed Prince Ribbit
  3162 | D:6      | Reached skill level 6 in Transmutations
  3207 | D:6      | Found a sacrificial altar of Ru.
  3246 | D:6      | Found a basalt altar of Yredelemnul.
  3576 | D:9      | Reached skill level 9 in Unarmed Combat
  3619 | D:9      | Reached skill level 7 in Transmutations
  3662 | D:9      | Reached skill level 1 in Fighting
  3685 | D:9      | Reached skill level 2 in Dodging
  3685 | D:9      | Reached XP level 9. HP: 38/64 MP: 4/15
  3713 | D:9      | Found a staircase to the Lair.
  3748 | Lair:1   | Entered Level 1 of the Lair of Beasts
  3761 | Lair:1   | Noticed a komodo dragon
  3764 | Lair:1   | Reached skill level 2 in Fighting
  3780 | Lair:1   | Noticed a four-headed hydra
  3783 | Lair:1   | Slain by a yak

Skill      XL: |  1  2  3  4  5  6  7  8  9 |
---------------+----------------------------+-----
Unarmed Combat | 3 4 5 6 7 9 |  9.3
Spellcasting   | 2 |  2.0
Transmutations | 2 3 5 7 |  7.0
Fighting       | 1 2 |  2.2
Dodging        | 2 |  2.7

Action                   |  1- 3 |  4- 6 |  7- 9 || total
-------------------------+-------+-------+-------++-------
Melee: Unarmed           |    38 |    94 |   192 ||   324
       Kick              |    11 |       |       ||    11
       Dagger            |    44 |    37 |    38 ||   119
       Headbutt          |     2 |       |       ||     2
       Punch             |     2 |     1 |     1 ||     4
 Cast: Beastly Appendage |    18 |     1 |       ||    19
       Sticks to Snakes  |     5 |    21 |    24 ||    50
       Spider Form       |     6 |    23 |    21 ||    50
       Blade Hands       |       |       |     6 ||     6
 Abil: End Transformatio |       |       |     1 ||     1
  Use: Scroll            |     1 |     5 |     7 ||    13
       Potion            |       |     2 |     2 ||     4
 Stab: Sleeping          |     3 |     2 |     3 ||     8
       Distracted        |       |     3 |     3 ||     6
  Eat: Chunk             |     2 |     4 |     6 ||    12
       Meat ration       |       |     1 |     1 ||     2
       Royal jelly       |       |       |     1 ||     1
       Fruit             |       |       |     1 ||     1
Armor: Robe              |     9 |     2 |    13 ||    24
       Skin              |     1 |     2 |     6 ||     9
Dodge: Dodged            |    45 |    68 |   114 ||   227

Table legend:
 A = Turns spent in this place as a percentage of turns spent in the entire game.
 B = Non-inter-level travel turns spent in this place as a percentage of non-inter-level travel turns spent in the entire game.
 C = Inter-level travel turns spent in this place as a percentage of turns spent in this place.
 D = Turns resting spent in this place as a percentage of non-inter-level travel turns spent in this place.
 E = Turns spent auto-exploring this place as a percentage of non-inter-level travel turns spent in this place.
 F = Non-inter-level travel turns spent in this place divided by the number of levels of this place that you've seen.
                   A       B       C       D       E      F
               +-------+-------+-------+-------+-------+----------------------
         Total | 100.0 | 100.0 |   0.2 |   0.0 |   0.0 | 324.2
       Dungeon |  90.8 |  90.7 |   0.2 |   0.0 |   0.0 | 359.6
          Lair |   1.1 |   1.1 |   0.0 |   0.0 |   0.0 |  40.0
         Sewer |   8.1 |   8.1 |   0.0 |   0.0 |   0.0 | 290.0
               +-------+-------+-------+-------+-------+----------------------

Table legend:
 A = Kills in this place as a percentage of kills in entire the game.
 B = Kills by you in this place as a percentage of kills by you in the entire game.
 C = Kills by friends in this place as a percentage of kills by friends in the entire game.
 D = Other kills in this place as a percentage of other kills in the entire game.
 E = Experience gained in this place as a percentage of experience gained in the entire game.
 F = Experience gained in this place divided by the number of levels of this place that you have seen.
                   A       B       C       D       E      F
               +-------+-------+-------+-------+-------+----------------------
         Total | 100.0 | 100.0 | 100.0 |  -nan | 100.0 | 340.4
       Dungeon |  76.6 |  76.2 |  81.2 |  -nan |  86.8 | 360.9
          Lair |   1.2 |   1.3 |   0.0 |  -nan |  10.5 | 392.0
         Sewer |  22.2 |  22.5 |  18.8 |  -nan |   2.8 | 104.0
               +-------+-------+-------+-------+-------+----------------------

Vault maps used:
D:1:      shiori_arrival_whats_in_store_for_you
D:2:      overflow_temple_1_default
D:3:      cheibrodos_pilgrimage, minmay_gold_behind_fungi
D:4:      kennysheep_goblin_castle, kennysheep_pointless_box, corexii_shack
D:5:      minmay_temple_entry_glassed_door, serial_shops, nicolae_shop_crystal,
          first_bread, lemuel_statue_altar, uniq_blork_the_orc
D:6:      overflow_temple_1_default, gammafunk_temple_overflow_wave,
          serial_shops, shop, cheibrodos_sewer_entry_bend,
          kennysheep_flooded_box, hangedman_decor_growths, uniq_edmund,
          uniq_prince_ribbit1
D:7:      grunt_livestock
D:8:      small_statue_intersection, minmay_crystal_water
D:9:      lair_entry_dummy
Sewer:    sewer_sea
